 Dungeon Crawl Stone Soup version 0.29-a0-643-ga013cefcf8 (webtiles) character file.

Game seed: 12976197655449194435

51 happo123 the Sneak (level 3, 0/20 HPs)
             Began as a Vampire Enchanter on June 19, 2022.
             Slain by a gnoll
             ... wielding a +0 spear
              (4 damage)
             ... on level 2 of the Dungeon.
             The game lasted 00:09:31 (1138 turns).

happo123 the Sneak (Vampire Enchanter)              Turns: 1138, Time: 00:09:32

Health: 0/20       AC:  3    Str: 13    XL:     3   Next: 58%
Magic:  0/6        EV: 12    Int: 19    God:
Gold:   108        SH:  0    Dex: 14    Spells: 1/6 levels left

rFire   . . .      SeeInvis +   k - +2 dagger (freeze)
rCold   + + .      Faith    .   (no shield)
rNeg    + + +      Spirit   .   b - +0 robe
rPois   ∞          Reflect  .   j - +0 helmet
rElec   .          Harm     .   (no cloak)
rCorr   .          Rampage  .   (no gloves)
Will    .....                   (no boots)
Stlth   +++++.....              (no amulet)
HPRegen 0.00/turn               m - +6 ring of strength
MPRegen 0.10/turn               (no ring)

@: bloodless, inhibited regen
A: bloodless, fangs 3, see invisible, vampiric 2
a: Bat Form, Revivify


You were on level 2 of the Dungeon.
You visited 1 branch of the dungeon, and saw 2 of its levels.

You collected 108 gold pieces.

Inventory:

Hand Weapons
 a - a +1 dagger
 k - a +2 dagger of freezing (weapon)
Armour
 b - a +0 robe (worn)
 j - a +0 helmet (worn)
Jewellery
 m - a +6 ring of strength (left hand)
Scrolls
 d - a scroll of poison {unknown}
 e - a scroll of summoning {unknown}
 f - a scroll of blinking {unknown}
 g - a scroll of amnesia {unknown}
 i - a scroll of vulnerability {unknown}
 l - a scroll of teleportation {unknown}
 n - a scroll of identify {unknown}
Potions
 c - 2 potions of invisibility
 h - 2 potions of lignification {unknown}


   Skills:
 + Level 0.8 Fighting
 + Level 1.7 Short Blades
 + Level 2.5 Dodging
 * Level 5.1 Stealth
 + Level 2.2 Spellcasting
 * Level 5.0 Hexes
 + Level 0.7 Ice Magic


You had one spell level left.
You knew the following spells:

 Your Spells              Type           Power      Damage    Failure   Level
a - Ensorcelled Hibernat  Hex/Ice        24%        N/A       8%          2
b - Confusing Touch       Hex            21%        N/A       6%          3

Your spell library contained the following spells:

 Spells                   Type           Power      Damage    Failure   Level
 Tukima's Dance           Hex            21%        N/A       6%          3
 Dazzling Flash           Conj/Hex       22%        N/A       19%         3
 Gell's Gravitas          Tloc           2%         N/A       45%         3
 Teleport Other           Tloc           2%         N/A       45%         3
 Dispersal                Tloc           1%         N/A       100%        6


Dungeon Overview and Level Annotations

Branches:
Dungeon (2/15)

Altars:


Innate Abilities, Weirdness & Mutations

You do not regenerate when monsters are visible.
You are frail without blood (-20% HP).
You can heal yourself when you bite living creatures.
You are immune to poison.
You have razor-sharp teeth.
You have supernaturally acute eyesight. (SInv)
You are afflicted with vampirism and can become a bat while bloodless.


Message History

You closely miss the frilled lizard. Your bite misses the frilled lizard.
The frilled lizard bites you but does no damage.
You closely miss the frilled lizard. The frilled lizard barely misses you.
You hit the frilled lizard.
The frilled lizard seems to slow down.
You freeze the frilled lizard.
You kill the frilled lizard!
Aiming: Ensorcelled Hibernation (safe; 8% risk of failure)
Press: ? - help, Q - select action Shift-Dir - straight line, f - gnoll
Aim: a gnoll, wielding a +0 flail (chance to affect: 54%)
The gnoll resists with significant effort.
Aiming: Ensorcelled Hibernation (safe; 8% risk of failure)
Press: ? - help, Q - select action Shift-Dir - straight line, f/p - gnoll
Aim: a gnoll, wielding a +0 flail (chance to affect: 54%)
The gnoll resists with significant effort.
The gnoll closely misses you.
Aiming: Ensorcelled Hibernation (safe; 8% risk of failure)
Press: ? - help, Q - select action Shift-Dir - straight line, f/p - gnoll
Aim: a gnoll, wielding a +0 flail (chance to affect: 54%)
The gnoll resists with significant effort.
The gnoll closely misses you.
A gnoll comes into view. It is wielding a +0 spear.
The gnoll shouts!
You hit the gnoll. You freeze the gnoll.
The gnoll is moderately wounded.
The gnoll hits you with a +0 flail.
You hit the gnoll. You freeze the gnoll. You bite the gnoll.
You draw the gnoll's blood!
You feel better.
The gnoll is almost dead.
The gnoll hits you with a +0 flail!
Ouch! That really hurt!
You closely miss the gnoll.
The gnoll is almost dead.
A gnoll comes into view. It is wielding a +0 club.
The gnoll hits you with a +0 flail.
* * * LOW HITPOINT WARNING * * *
The gnoll closely misses you.
You closely miss the gnoll. You bite the gnoll.
You kill the gnoll!
The gnoll hits you from afar with a +0 spear.
You die...

#..... ##..... ##......
### ..## #..(.... ..## ..#
#.#..... .g.# .g# #.##....
#g.## ..#####.###... #..#
#.....#.##....
#@###.###.........
#.......#.)......#.##.....
#.......#####.##...###....
#.......# #.##..####....
#.......## #..#..........
#........# ##...####.####
#........# #..## #..# #
#........#####..# ##.# #
#............#..# #.# #


You could see 2 gnolls.

Vanquished Creatures
  An adder (D:2)
  A gnoll (D:2)
  A dart slug (D:1)
  5 ball pythons
  4 bats
  An endoplasm (D:2)
  2 giant cockroaches (D:1)
  5 goblins
  3 hobgoblins
  2 jackals (D:1)
  2 quokkas
  4 frilled lizards
  4 kobolds
  5 rats (D:1)
40 creatures vanquished.

Notes
Turn   | Place    | Note
-------+----------+-------------------------------------------
     0 | D:1      | happo123 the Vampire Enchanter began the quest for the Orb.
     0 | D:1      | Reached XP level 1. HP: 13/13 MP: 3/3
   197 | D:1      | Reached XP level 2. HP: 20/20 MP: 5/5
   206 | D:1      | Learned a level 2 spell: Ensorcelled Hibernation
   245 | D:1      | Found a faded altar of an unknown god.
   559 | D:1      | Gained mutation: You are afflicted with vampirism and can
                  | become a bat while bloodless. [Vampire growth]
   559 | D:1      | Reached XP level 3. HP: 20/20 MP: 6/6
   563 | D:1      | Learned a level 3 spell: Confusing Touch
   958 | D:2      | Reached skill level 5 in Stealth
  1078 | D:2      | Reached skill level 5 in Hexes
  1138 | D:2      | Slain by a gnoll

Illustrated notes

Levels and vault maps discovered:
D:1:      lemuel_arrival_lava_pool, layout_basic, basic_ecumenical_altar
D:2:      layout_rooms

Skill      XL: |  1  2  3 |
---------------+----------+-----
Stealth        | 5 |  5.1
Hexes          | 5 |  5.0
Fighting       | |  0.8
Short Blades   | |  1.7
Dodging        | |  2.5
Spellcasting   | |  2.2
Ice Magic      | |  0.7

Action                   || total
-------------------------++-------
Melee: Dagger            ||    82
       Bite              ||     5
 Cast: Ensorcelled Hiber ||    14
 Abil: Exsanguinate      ||     1
 Stab: Sleeping          ||    25
       Distracted        ||     1
Armor: Robe              ||    16
Dodge: Dodged            ||    36

Table legend: (Time is in decaauts)
 A = Elapsed time spent in this place.
 B = Non-inter-level travel time spent in this place.
 C = Inter-level travel time spent in this place.
 D = Time resting spent in this place.
 E = Time spent auto-exploring this place.
 F = Levels seen in this place.
 G = Mean time per level.
                   A        B        C        D        E       F      G
               +--------+--------+--------+--------+--------+-----+--------+
         Total |   1131 |    790 |    341 |      0 |    404 |   2 |  565.5 |
       Dungeon |   1131 |    790 |    341 |      0 |    404 |   2 |  565.5 |
               +--------+--------+--------+--------+--------+-----+--------+

Top non-repeatable levels by time:
     D:1: 835 daAuts
     D:2: 295 daAuts
